 Dungeon Crawl Stone Soup version 0.24-a0-778-g74da537585 (webtiles) character file.

Game seed: 3073047479928160879, levelgen mode: deterministic

416 Gynju the Magician (level 6, -1/32 HPs)
             Began as a Deep Elf Fire Elementalist on Oct 7, 2019.
             Slain by an orc (4 damage)
             ... on level 4 of the Dungeon.
             The game lasted 00:05:11 (4194 turns).

Gynju the Magician (Deep Elf Fire Elementalist)     Turns: 4194, Time: 00:05:12

Health: -1/32      AC:  1    Str:  5    XL:     6   Next: 60%
Magic:  3/15       EV: 15    Int: 22    God:
Gold:   153        SH:  0    Dex: 15    Spells: 9/15 levels left

rFire    . . .     SeeInvis .   v - +2 falchion (drain)
rCold    . . .     Gourm    .   (no shield)
rNeg     . . .     Faith    .   a - +0 robe
rPois    .         Spirit   .   e - -2 helmet (curse)
rElec    .         Reflect  .   (no cloak)
rCorr    .         Harm     .   (no gloves)
MR       .....                  (no boots)
Stlth    ++........             (no amulet)
HPRegen  0.10/turn              (no ring)
MPRegen  0.14/turn              (no ring)

@: lethally poisoned (-1 -> -8), very slightly contaminated
A: no striking features
a: no special abilities


You were on level 4 of the Dungeon.
You were not hungry.

You visited 1 branch of the dungeon, and saw 4 of its levels.

You collected 153 gold pieces.

Inventory:

Hand Weapons
 m - a +0 dagger of venom
 v - a +2 falchion of draining (weapon)
Missiles
 w - 3 silver javelins (quivered)
Armour
 a - a +0 robe (worn)
 e - a cursed -2 helmet (worn)
Scrolls
 d - a scroll of blinking {unknown}
 f - 2 scrolls of remove curse {unknown}
 g - 3 scrolls of enchant armour {unknown}
 i - a scroll of teleportation {unknown}
 j - 2 scrolls of amnesia {unknown}
 l - 2 scrolls of identify {unknown}
 n - a scroll of magic mapping {unknown}
 r - 2 scrolls of fear {unknown}
 t - a scroll of immolation {unknown}
Potions
 b - a potion of berserk rage {unknown}
 h - a potion of haste {unknown}
 k - a potion of mutation {unknown}
 o - a potion of lignification {unknown}
 p - a potion of flight {unknown}
 q - a potion of heal wounds
 s - a potion of ambrosia {unknown}
Comestibles
 c - 7 rations
 u - 21 chunks of flesh


   Skills:
 + Level 4.7 Dodging
 - Level 2.4 Stealth
 + Level 5.3 Spellcasting
 + Level 3.8 Conjurations
 + Level 5.0 Fire Magic


You had 9 spell levels left.
You knew the following spells:

 Your Spells              Type           Power        Failure   Level  Hunger
a - Flame Tongue          Conj/Fire      ####.        1%          1    None
b - Throw Flame           Conj/Fire      ####..       2%          2    None
c - Conjure Flame         Conj/Fire      ####....     4%          3    ##.....

Your spell library contained the following spells:

 Spells                   Type           Power        Failure   Level  Hunger
 Inner Flame              Hex/Fire       ###.....     11%         3    ##.....
 Sticky Flame             Conj/Fire      ####....     16%         4    ####...
 Fireball                 Conj/Fire      ####......   41%         5    #####..


Dungeon Overview and Level Annotations

Branches:
Dungeon (4/15)
 Temple: D:4-7

Altars:

Annotations:
D:2 Sigmund
D:3 exclusions: orc and orc wizard


Message History

You feel sick. The worker ant barely misses you.
You riposte.
You closely miss the worker ant. The orc completely misses you.
You riposte.
You barely miss the orc. The worker ant barely misses you.
Casting: Flame Tongue (safe; 1% risk of failure)
Confirm with . or Enter, or press ? or * to list all spells.
Aiming: Flame Tongue (safe; 1% risk of failure)
Press: ? - help, Shift-Dir - straight line, f/p - worker ant
Aim: a worker ant The flame tongue hits the worker ant but does no damage.
* * * LOW HITPOINT WARNING * * *
You feel sick. The orc closely misses you. The worker ant misses you.
Casting: Flame Tongue (safe; 1% risk of failure)
Confirm with . or Enter, or press ? or * to list all spells.
Aiming: Flame Tongue (safe; 1% risk of failure)
Press: ? - help, Shift-Dir - straight line, f/p - worker ant
Aim: a worker ant You miscast Flame Tongue.
You are very lightly contaminated with residual magic.
Nothing appears to happen.
The orc hits you.
You die...

.. .... ... ...
#....####..###
#....#.......###
#..............
#..............
##.....†a†......
##.......@o......
#.....†...#......
#...#....##.....#.....
#...##..........##...
#.......#..........
#.....##.......(..##
######...............$..#
#....#.................##
........................#
####


You could see a worker ant and an orc.

Vanquished Creatures
  Menkaure (D:4)
  A bullfrog (D:4)
  An orc wizard (D:4)
  Robin (D:2)
  3 gnolls (D:4)
  5 adders
  An ooze (D:1)
  A worm (D:3)
  A dart slug (D:3)
  2 leopard geckos
  7 orcs
  6 bats
  6 giant cockroaches
  16 goblins
  15 hobgoblins
  11 jackals
  3 quokkas
  2 ball pythons
  6 frilled lizards
  4 kobolds
  A quokka skeleton (D:4)
  4 rats
98 creatures vanquished.

Notes
Turn   | Place    | Note
-------+----------+-------------------------------------------
     0 | D:1      | Gynju the Deep Elf Fire Elementalist began the quest for
                  | the Orb.
     0 | D:1      | Reached XP level 1. HP: 10/10 MP: 6/6
   303 | D:1      | Reached XP level 2. HP: 15/15 MP: 5/8
   607 | D:1      | Reached XP level 3. HP: 19/19 MP: 4/9
  1070 | D:2      | Noticed Robin
  1636 | D:2      | Killed Robin
  2050 | D:2      | Noticed Sigmund
  2181 | D:2      | Reached XP level 4. HP: 24/24 MP: 9/11
  3105 | D:3      | Learned a level 2 spell: Throw Flame
  3109 | D:3      | Learned a level 3 spell: Conjure Flame
  3341 | D:3      | Reached XP level 5. HP: 28/28 MP: 9/13
  3815 | D:4      | Noticed Menkaure
  3822 | D:4      | Killed Menkaure
  3825 | D:4      | Reached XP level 6. HP: 31/32 MP: 7/15
  4127 | D:4      | Reached skill level 5 in Spellcasting
  4191 | D:4      | Reached skill level 5 in Fire Magic
  4194 | D:4      | Slain by an orc

Levels and vault maps discovered:
D:1:      scummos_arrival_simple_fountains, layout_basic, minmay_crystal_water
D:2:      layout_rooms, first_ration, uniq_sigmund, uniq_robin
D:3:      layout_loops_ring
D:4:      layout_cave_pools, uniq_menkaure

Skill      XL: |  1  2  3  4  5  6 |
---------------+-------------------+-----
Dodging        | 3 4 |  4.7
Conjurations   | 2 3 |  3.8
Fire Magic     | 4 5 |  5.0
Spellcasting   | 4 5 |  5.3
Stealth        | |  2.4

Action                   |  1- 3 |  4- 6 || total
-------------------------+-------+-------++-------
 Cast: Flame Tongue      |    79 |   105 ||   184
  Use: Potion            |     1 |       ||     1
  Eat: Chunk             |     3 |     7 ||    10
Armor: Robe              |     2 |     3 ||     5
Dodge: Dodged            |    37 |    40 ||    77
       Rpst.: Falchion   |       |     6 ||     6

Table legend:
 A = Non-vault XP
 B = Vault XP
 C = Vault XP percentage of total XP
 D = Non-vault monster count
 E = Vault monster count
 F = Vault count percentage of total count
                 A         B        C        D         E       F
            +---------+---------+-------+---------+---------+-------
      Total |     387 |     208 |  35.0 |      85 |      13 |  13.3
            +---------+---------+-------+---------+---------+-------
        D:1 |      50 |       6 |  10.7 |      26 |       3 |  10.3
        D:2 |      51 |      30 |  37.0 |      24 |       9 |  27.3
        D:3 |      68 |       0 |   0.0 |      15 |       0 |   0.0
        D:4 |     218 |     172 |  44.1 |      20 |       1 |   4.8
            +---------+---------+-------+---------+---------+-------
